 Dungeon Crawl Stone Soup version 0.16.1-16-gc44b35d (webtiles) character file.

336 Zwobot the Cutter (level 6, -2/48 HPs)
             Began as a Human Chaos Knight on Apr 17, 2015.
             Slain by a worker ant (8 damage)
             ... on level 4 of the Dungeon.
             The game lasted 00:09:08 (3346 turns).

Zwobot the Cutter (Human Chaos Knight)              Turns: 3346, Time: 00:09:08

Health: -2/48      AC:  5    Str: 12    XL:     6   Next: 84%
Magic:  6/6        EV: 12    Int: 15    God:    Xom [....*.]
Gold:   244        SH:  0    Dex: 12    Spells: 0 memorised, 5 levels left

rFire  + . .     SeeInvis .     a - +0 short sword (chaos)
rCold  . . .     Clarity  .     b - +2 leather armour
rNeg   . . .     SustAb   .     (no shield)
rPois  .         Gourm    .     (no helmet)
rElec  .         Spirit   .     (no cloak)
rCorr  .         Warding  .     (no gloves)
rMut   .         Stasis   .     (no boots)
MR     .....                    (no amulet)
Stlth  ++........               (no ring)
                                p - ring of protection from fire

@: not resistant to hostile enchantments, unstealthy
A: no striking features
a: Renounce Religion


You were on level 4 of the Dungeon.
You worshipped Xom.
You were a beloved toy of Xom.
You were not hungry.

You visited 1 branch of the dungeon, and saw 4 of its levels.

You collected 244 gold pieces.

Inventory:

Hand weapons
 a - a +0 short sword of chaos (weapon)
 B - a +0 rapier
Missiles
 n - 28 poisoned needles
Armour
 b - a +2 leather armour (worn)
 u - a +0 buckler
 v - a +0 shield
 y - a +0 scale mail
Jewellery
 p - a ring of protection from fire (left hand)
Magical devices
 r - a wand of polymorph (14)
Scrolls
 e - a scroll of fear
 f - a scroll of immolation {unknown}
 g - a scroll of amnesia
 i - 5 scrolls of teleportation
 j - a scroll of identify
 s - a scroll of remove curse {unknown}
 z - a scroll of fog {unknown}
 A - a scroll of noise {unknown}
 D - a scroll of random uselessness {unknown}
Potions
 h - a potion of magic {unknown}
 k - a potion of heal wounds {unknown}
 l - a potion of mutation {unknown}
 q - a potion of brilliance {unknown}
 t - a potion of haste {unknown}
Comestibles
 c - 4 bread rations
 m - 2 beef jerkies
 o - a slice of pizza
 x - a meat ration
 C - 6 chunks of flesh


   Skills:
 + Level 3.8 Fighting
 * Level 4.9 Short Blades
 - Level 2.4 Armour
 + Level 3.1 Dodging
 * Level 2.7 Stealth


You had 5 spell levels left.
You didn't know any spells.

Dungeon Overview and Level Annotations

Branches:
Dungeon (4/15)
 Temple: D:4-7

Altars:
Ashenzari
Okawaru


Message History

The worker ant bites you!
* * * LOW HITPOINT WARNING * * *
The worker ant barely misses you.
You hit the worker ant.
The worker ant is severely wounded.
The worker ant barely misses you.
You hit the worker ant.
The worker ant is severely wounded.
The worker ant bites you.
* * * LOW HITPOINT WARNING * * *
The worker ant bites you but does no damage.
You hit the worker ant but do no damage.
The worker ant is severely wounded.
The worker ant bites you but does no damage.
You hit the worker ant but do no damage.
The worker ant is poisoned.
The worker ant is severely wounded.
The worker ant bites you!
You die...
Xom yawns loudly!

........a# #.# #.##<# ....$...o#
#5# #.##.# ......... #.# #.##.#
......?..# #.######.##.#
.......o.# #........##.#
.........################..##.#
...............)....# #..##.#
.........)...)†a.).# #..##.###
...............@...# #..##....
........################(.......
.......# ###.....####(.. #######
#.'.....# #.). ###.#.....####...
#...#........(..#
#.###....######.# #.#
#....'......# #÷# #....########


You could see a worker ant (berserk).

Vanquished Creatures
  A wasp (D:4)
  A hound (D:4)
  A centaur skeleton (D:3)
  An orc priest (D:4)
  Terence (D:3)
  5 adders
  A worm (D:2)
  An adder skeleton (D:4)
  5 giant geckos
  2 oozes
  4 orcs
  9 bats
  3 giant cockroaches
  13 goblins
  7 hobgoblins
  7 jackals
  A ball python (D:1)
  6 giant newts
  8 kobolds
  5 quokkas
  9 rats
91 creatures vanquished.

Vanquished Creatures (collateral kills)
  A goblin (D:4)
  A jackal (D:3)
2 creatures vanquished.

Vanquished Creatures (others)
  2 crimson imps
2 creatures vanquished.

Grand Total: 95 creatures vanquished

Notes
Turn   | Place    | Note
--------------------------------------------------------------
     0 | D:1      | Zwobot, the Human Chaos Knight, began the quest for the Orb.
     0 | D:1      | Reached XP level 1. HP: 18/18 MP: 1/1
    50 | D:1      | XOM: silly message
    82 | D:1      | XOM: potion effect (heal wounds)
   107 | D:1      | XOM: butterfly on damage
   109 | D:1      | Reached XP level 2. HP: 14/24 MP: 2/2
   278 | D:1      | Found a shattered altar of Ashenzari.
   352 | D:1      | Reached XP level 3. HP: 29/29 MP: 3/3
   544 | D:1      | XOM: colour smoke trail
   715 | D:2      | Reached XP level 4. HP: 19/35 MP: 4/4
   931 | D:2      | Found an iron altar of Okawaru.
   991 | D:2      | Reached skill level 4 in Short Blades
  1600 | D:2      | XOM: divination: detect creatures
  1734 | D:3      | XOM: stealth player
  1801 | D:3      | XOM: divination: magic mapping
  1802 | D:3      | XOM: summons friendly crimson imp
  1804 | D:3      | Reached skill level 1 in Stealth
  1804 | D:3      | Reached XP level 5. HP: 29/41 MP: 5/5
  1866 | D:3      | XOM: summons 5 hostile shadow creatures
  1919 | D:3      | XOM: noise
  2245 | D:3      | Noticed Terence
  2540 | D:3      | Killed Terence
  3104 | D:4      | XOM: confuse monster(s)
  3110 | D:4      | XOM: fog
  3117 | D:4      | Reached XP level 6. HP: 47/47 MP: 6/6
  3260 | D:4      | Noticed a wasp
  3260 | D:4      | a giant frog changed into a wasp
  3261 | D:4      | XOM: summons friendly crimson imp
  3274 | D:4      | Killed a wasp
  3346 | D:4      | Slain by a worker ant

Action                   |  1- 3 |  4- 6 || total
-------------------------+-------+-------++-------
Melee: Short sword       |   108 |   270 ||   378
  Use: Scroll            |       |     4 ||     4
       Potion            |       |     2 ||     2
 Stab: Paralysed         |     1 |       ||     1
       Sleeping          |     1 |     3 ||     4
       Petrifying        |       |     1 ||     1
       Confused          |       |     2 ||     2
       Invisible         |       |     3 ||     3
  Eat: Chunk             |       |     8 ||     8
